AoeStats
← Thanathoz130

Northern Isles

510628294Analyzed
1v1 RM · 1d ago on Oct 1, 2026· 23m 10s· 2 players
Game mode
Random Map
Map size
Tiny (2 player)
Population
200
Speed
Normal
Resources
Standard
Victory
Conquest
Starting age
Dark Age
Ending age
Imperial Age
RankedLock teamsTeams togetherTeam positionsShared explorationLock speedFull tech treeHidden civsTurbo modeCheats
Victory
Defeat
🇲🇽 Vikings · Mexico
1336
+17
🇲🇽 Cumans · Mexico
1366
-17
VempirE Reider
9:53 Loom
12:09 Feudal Age
13:11 Fishing Lines
13:49 Town Watch
14:37 Double-Bit Axe
18:45 Castle Age
16:57 Fletching
21:07 Castle Age
21:56 Scale Mail Armor
23:42 Squires
Thanathoz130
6:56 Loom
9:17 Feudal Age
9:50 Double-Bit Axe
11:54 Fletching
13:24 Padded Archer Armor
14:37 Double-Bit Axe
Connection lost

Rejoining the realm…

Still unreachable

The connection could not be restored.

Session expired

The server has moved on; the page needs a fresh start.